 Dungeon Crawl Stone Soup version 0.23-a0-667-gc184e93 (console) character file.

9 Duffy the Firebug (level 2, 15/19 HPs)
             Began as a Demonspawn Fire Elementalist on Jan 8, 2019.
             Quit the game on level 1 of the Dungeon.
             The game lasted 00:00:17 (344 turns).

Duffy the Firebug (Demonspawn Fire Elementalist)     Turns: 344, Time: 00:00:18

Health: 15/19      AC:  2    Str:  8    XL:     2   Next: 3%
Magic:  0/5        EV: 12    Int: 16    God:
Gold:   36         SH:  0    Dex: 13    Spells: 4/5 levels left

rFire    . . .     SeeInvis .   (no weapon)
rCold    . . .     Gourm    .   (no shield)
rNeg     . . .     Faith    .   a - +0 robe
rPois    .         Spirit   .   (helmet restricted)
rElec    .         Reflect  .   (no cloak)
rCorr    .         Harm     .   (no gloves)
MR       .....                  (no boots)
Stlth    ++........             (no amulet)
HPRegen  0.06/turn              (no ring)
MPRegen  0.09/turn              (no ring)

@: no status effects
A: horns 1
a: no special abilities


You were on level 1 of the Dungeon.
You were not hungry.

You visited 1 branch of the dungeon, and saw 1 of its levels.

You collected 36 gold pieces.

Inventory:

Armour
 a - a +0 robe (worn)
Scrolls
 d - a scroll of teleportation {unknown}
 e - a scroll of enchant weapon {unknown}
Comestibles
 b - a chunk of flesh
 c - 2 rations


   Skills:
 - Level 1.7 Dodging
 - Level 1.7 Stealth
 - Level 2.0 Spellcasting
 + Level 2.1 Conjurations
 - Level 2.6 Fire Magic


You had 4 spell levels left.
You knew the following spells:

 Your Spells              Type           Power        Failure   Level  Hunger
h - Flame Tongue          Conj/Fire      #....        8%          1    #......

Your spell library contained the following spells:

 Spells                   Type           Power        Failure   Level  Hunger
 Throw Flame              Conj/Fire      #.....       12%         2    ###....
 Conjure Flame            Conj/Fire      #.......     22%         3    ###....
 Inner Flame              Hex/Fire       #.......     34%         3    ###....
 Sticky Flame             Conj/Fire      #.......     58%         4    #####..
 Fireball                 Conj/Fire      #.........   91%         5    ######.


Dungeon Overview and Level Annotations

Branches:
Dungeon (1/15)

Altars:


Innate Abilities, Weirdness & Mutations

You have a pair of small horns on your head.


Message History

You don't have enough magic to cast that spell.
Casting: Flame Tongue (safe; 8% risk of failure)
Confirm with . or Enter, or press ? or * to list all spells.
You don't have enough magic to cast that spell.
Casting: Flame Tongue (safe; 8% risk of failure)
Confirm with . or Enter, or press ? or * to list all spells.
You don't have enough magic to cast that spell.
You closely miss the jackal.
The jackal is almost dead.
The jackal bites you. The jackal closely misses you.
You closely miss the jackal.
The jackal is almost dead.
The jackal barely misses you.
You hit the jackal.
You kill the jackal!
You have reached level 2!
Your demonic ancestry asserts itself...
A pair of horns grows on your head! The jackal barely misses you.
Are you sure you want to abandon this character and quit the game? (Confirm

#.##
#.........#####......# #
#..# #####.##### ###.####
## +..# ####.##### #.# #.
##.# #........# #+# #.
##.## #.##.###.# ... #.
....# #.##.###.# .... ##
.#..# #.#....#.# ..... ##.
.[..#####..#.....###......
####..
.%...............@hhh.....
+.....
....#####.##.....###......
####.. .#### #........#
(.... ##. ## #.###.#.##
.$.. ## # #.###.#.# ... #
#.......# +# # #####.###
#.# # #.# #.# # #.#
########.##


You could see 3 jackals.

Vanquished Creatures
  2 bats (D:1)
  A giant cockroach (D:1)
  A hobgoblin (D:1)
  A jackal (D:1)
  2 frilled lizards (D:1)
  2 rats (D:1)
9 creatures vanquished.

Notes
Turn   | Place    | Note
-------+----------+-------------------------------------------
     0 | D:1      | Duffy the Demonspawn Fire Elementalist began the quest for
                  | the Orb.
     0 | D:1      | Reached XP level 1. HP: 13/13 MP: 3/3
   343 | D:1      | Gained mutation: You have a pair of small horns on your
                  | head. [demonic ancestry]
   343 | D:1      | Reached XP level 2. HP: 15/19 MP: 0/5
   344 | D:1      | Quit the game

Vault maps used:
D:1:      ncdulo_lavacross, minmay_misc_feat_plants

Skill      XL: |  1 |
---------------+----+-----
Conjurations   | 2 |  2.1
Dodging        | |  1.7
Stealth        | |  1.7
Spellcasting   | |  2.0
Fire Magic     | |  2.6

Action                   || total
-------------------------++-------
Melee: Unarmed           ||     5
 Cast: Flame Tongue      ||    14
Armor: Robe              ||     4
Dodge: Dodged            ||     8

Table legend:
 A = Non-vault XP
 B = Vault XP
 C = Vault XP percentage of total XP
 D = Non-vault monster count
 E = Vault monster count
 F = Vault count percentage of total count
                 A         B        C        D         E       F
            +---------+---------+-------+---------+---------+-------
      Total |      13 |       0 |   0.0 |       9 |       0 |   0.0
            +---------+---------+-------+---------+---------+-------
        D:1 |      13 |       0 |   0.0 |       9 |       0 |   0.0
            +---------+---------+-------+---------+---------+-------
